MID
WISCONSIN TIMBER RATTLERS @ BINGHAMTON METS
06/08/2047
 
TOP OF THE 1ST
Wisconsin Timber Rattlers batting - Pitching for Binghamton Mets : LHP Bubba Fields
Pitching: LHP Bubba Fields
Batting: LHB Rick Campbell 0-0: Foul Ball, location: 2F
0-1: Ball
1-1: Called Strike
1-2: SINGLE (Groundball, 34S, EV 68.8 MPH) (infield hit)
Batting: LHB Karel Hort 0-0: Ball
Rick Campbell is caught stealing 2nd base 2-6
1-0: Fly out, F9 (Flyball, 9, EV 90.6 MPH)
Batting: SHB Jerry Duffy 0-0: Ball
1-0: Foul Ball, location: 2F
1-1: Foul Ball, location: 2F
1-2: Ball
2-2: Ball
3-2: Base on Balls
Batting: SHB Justin Hensley 0-0: Ball
1-0: Foul Ball, location: 2F
1-1: Foul Ball, location: 2F
1-2: Ground out 6-3 (Groundball, 56, EV 105.6 MPH)
Top of the 1st over - 0 runs, 1 hit, 0 errors, 1 left on base; Wisconsin 0 - Binghamton 0
BOTTOM OF THE 1ST
Binghamton Mets batting - Pitching for Wisconsin Timber Rattlers : LHP Benito Vargas
Pitching: LHP Benito Vargas
Batting: RHB Elias Urbina 0-0: Ball
1-0: Foul Ball, location: 2F
1-1: Ball
2-1: Foul Ball, location: 2F
2-2: Foul Ball, location: 2F
2-2: Ball
3-2: TRIPLE (Line Drive, 89XD, EV 103.8 MPH)
Batting: SHB Masatoshi Akahoshi 0-0: Ball
1-0: Swinging Strike
1-1: Foul Ball, location: 2F
1-2: 2-RUN HOME RUN (Flyball, 9D, EV 96.2 MPH), Distance : 370 ft
Batting: LHB Bayesa Mundhir 0-0: Ball
1-0: Ground out U3 (Groundball, 3S, EV 78.8 MPH)
Batting: LHB Tony Leyba 0-0: Swinging Strike
0-1: Ball
1-1: Ball
2-1: SINGLE (Groundball, 34S, EV 63.8 MPH) (infield hit)
Batting: RHB Rich Cracchiolo 0-0: Called Strike
0-1: Called Strike
0-2: Strikes out looking
Batting: RHB Jordan Williams 0-0: Ball
1-0: Ball
2-0: Ball
3-0: Base on Balls
Tony Leyba to second
Batting: RHB Victor Reyes 0-0: 3-RUN HOME RUN (Flyball, 78XD, EV 105.6 MPH), Distance : 402 ft
Batting: RHB Trent Hood 0-0: Ball
1-0: Ball
2-0: Called Strike
2-1: Ball
3-1: Base on Balls
Batting: LHB Preston Knaak 0-0: Called Strike
0-1: Ball
1-1: Called Strike
1-2: Foul Ball, location: 2F
1-2: Ball
2-2: Ground out 4-3 (Groundball, 34D, EV 106.9 MPH)
Bottom of the 1st over - 5 runs, 4 hits, 0 errors, 1 left on base; Wisconsin 0 - Binghamton 5
TOP OF THE 2ND
Wisconsin Timber Rattlers batting - Pitching for Binghamton Mets : LHP Bubba Fields
Batting: SHB Ramon Perez 0-0: Ball
1-0: Ball
2-0: Called Strike
2-1: Ball
3-1: Foul Ball, location: 2F
3-2: SOLO HOME RUN (Flyball, 9D, EV 93.1 MPH), Distance : 360 ft
Batting: SHB Craig Wright 0-0: Foul Ball, location: 2F
0-1: Ball
1-1: TRIPLE (Flyball, 78XD, EV 96.2 MPH)
Batting: RHB Dusty Bates 0-0: Ball
1-0: Ball
2-0: Called Strike
2-1: Foul Ball, location: 2F
2-2: Strikes out swinging
Batting: RHB Dan Allred 0-0: Ball
1-0: Ground out 6-3 (Groundball, 56, EV 83.1 MPH)
Craig Wright scores
Batting: LHB Paul Collins 0-0: Ball
1-0: Swinging Strike
1-1: Ball
2-1: Ground out 4-3 (Groundball, 13, EV 88.8 MPH)
Top of the 2nd over - 2 runs, 2 hits, 0 errors, 0 left on base; Wisconsin 2 - Binghamton 5
BOTTOM OF THE 2ND
Binghamton Mets batting - Pitching for Wisconsin Timber Rattlers : LHP Benito Vargas
Batting: RHB Elias Urbina 0-0: Ball
1-0: Fly out, F8 (Flyball, 8LD, EV 100.0 MPH)
Batting: SHB Masatoshi Akahoshi 0-0: Foul Ball, location: 2F
0-1: Ball
1-1: Ball
2-1: Called Strike
2-2: Strikes out swinging
Batting: LHB Bayesa Mundhir 0-0: Foul Ball, location: 2F
0-1: Called Strike
0-2: Ball
1-2: Strikes out swinging
Bottom of the 2nd over - 0 runs, 0 hits, 0 errors, 0 left on base; Wisconsin 2 - Binghamton 5
TOP OF THE 3RD
Wisconsin Timber Rattlers batting - Pitching for Binghamton Mets : LHP Bubba Fields
Batting: LHB Rick Campbell 0-0: SOLO HOME RUN (Flyball, 8LXD, EV 108.1 MPH), Distance : 431 ft
Batting: LHB Karel Hort 0-0: Ball
1-0: Ball
2-0: Called Strike
2-1: Swinging Strike
2-2: Strikes out swinging
Batting: SHB Jerry Duffy 0-0: Called Strike
0-1: Ball
1-1: Foul Ball, location: 2F
1-2: Strikes out swinging
Batting: SHB Justin Hensley 0-0: Called Strike
0-1: Called Strike
0-2: Ball
1-2: Foul Ball, location: 2F
1-2: Foul Ball, location: 2RF, Error on foul ball, E2
1-2: Strikes out swinging
Top of the 3rd over - 1 run, 1 hit, 1 error, 0 left on base; Wisconsin 3 - Binghamton 5
BOTTOM OF THE 3RD
Binghamton Mets batting - Pitching for Wisconsin Timber Rattlers : LHP Benito Vargas
Batting: LHB Tony Leyba 0-0: Called Strike
0-1: Ball
1-1: Fly out, F7 (Flyball, 7LM, EV 78.1 MPH)
Batting: RHB Rich Cracchiolo 0-0: Called Strike
0-1: Foul Ball, location: 2F
0-2: Strikes out swinging
Batting: RHB Jordan Williams 0-0: Ball
1-0: Foul Ball, location: 2F
1-1: Swinging Strike
1-2: Foul Ball, location: 2F
1-2: Strikes out swinging
Bottom of the 3rd over - 0 runs, 0 hits, 0 errors, 0 left on base; Wisconsin 3 - Binghamton 5
TOP OF THE 4TH
Wisconsin Timber Rattlers batting - Pitching for Binghamton Mets : LHP Bubba Fields
Batting: SHB Ramon Perez 0-0: Foul Ball, location: 2F
0-1: Ball
1-1: Ball
2-1: Fly out, F9 (Line Drive, 9LM, EV 88.8 MPH)
Batting: SHB Craig Wright 0-0: Called Strike
0-1: Foul Ball, location: 2F
0-2: Ball
1-2: Ball
2-2: Foul Ball, location: 2F
2-2: SINGLE (Groundball, 34D, EV 98.8 MPH)
Batting: RHB Dusty Bates 0-0: Swinging Strike
0-1: Ball
1-1: Swinging Strike
1-2: Ball
2-2: Strikes out looking
Batting: RHB Dan Allred 0-0: SINGLE (Flyball, 8LS, EV 90.6 MPH)
Craig Wright to second
Runner from 2nd tries for 3rd, SAFE, throw by CF made to third
Batting: LHB Paul Collins 0-0: Foul Ball, location: 2F
0-1: Ball
1-1: Ball
2-1: Foul Ball, location: 2F
2-2: Ball
3-2: Foul Ball, location: 2F
3-2: Ground out 4-3 (Groundball, 4M, EV 86.9 MPH)
Top of the 4th over - 0 runs, 2 hits, 0 errors, 2 left on base; Wisconsin 3 - Binghamton 5
BOTTOM OF THE 4TH
Binghamton Mets batting - Pitching for Wisconsin Timber Rattlers : LHP Benito Vargas
Pitching: RHP Warren Swan
Batting: RHB Victor Reyes 0-0: Ball
1-0: Foul Ball, location: 2F
1-1: Ground out 6-3 (Groundball, 6, EV 101.2 MPH)
Batting: RHB Trent Hood 0-0: Called Strike
0-1: Fly out, F8 (Flyball, 8LXD, EV 101.9 MPH)
Batting: LHB Preston Knaak 0-0: Called Strike
0-1: Foul Ball, location: 2F
0-2: Strikes out swinging
Bottom of the 4th over - 0 runs, 0 hits, 0 errors, 0 left on base; Wisconsin 3 - Binghamton 5
TOP OF THE 5TH
Wisconsin Timber Rattlers batting - Pitching for Binghamton Mets : LHP Bubba Fields
Batting: LHB Rick Campbell 0-0: Ball
1-0: SINGLE (Groundball, 25, EV 61.9 MPH) (infield hit)
Batting: LHB Karel Hort Pickoff Throw to First - Out! 1-3 CS
0-0: SINGLE (Groundball, 34D, EV 110.0 MPH)
Batting: SHB Jerry Duffy 0-0: Called Strike
0-1: Ball
Karel Hort steals 2nd base
1-1: Ball
2-1: Ball
3-1: Fly out, F9 (Line Drive, 9S, EV 88.8 MPH)
Batting: SHB Justin Hensley 0-0: Foul Ball, location: 2F
0-1: Ball
1-1: Ball
2-1: Foul Ball, location: 2F
2-2: Foul Ball, location: 2F
2-2: Foul Ball, location: 2F
2-2: Ball
3-2: Strikes out looking
Top of the 5th over - 0 runs, 2 hits, 0 errors, 1 left on base; Wisconsin 3 - Binghamton 5
BOTTOM OF THE 5TH
Binghamton Mets batting - Pitching for Wisconsin Timber Rattlers : RHP Warren Swan
Batting: RHB Elias Urbina 0-0: Called Strike
0-1: Swinging Strike
0-2: Strikes out looking
Batting: SHB Masatoshi Akahoshi 0-0: Ball
1-0: Called Strike
1-1: Called Strike
1-2: Ball
2-2: Ball
3-2: Strikes out swinging
Batting: LHB Bayesa Mundhir 0-0: Ball
1-0: Called Strike
1-1: Swinging Strike
1-2: Ground out 4-3 (Groundball, 4M, EV 83.1 MPH)
Bottom of the 5th over - 0 runs, 0 hits, 0 errors, 0 left on base; Wisconsin 3 - Binghamton 5
TOP OF THE 6TH
Wisconsin Timber Rattlers batting - Pitching for Binghamton Mets : LHP Bubba Fields
Batting: SHB Ramon Perez 0-0: Called Strike
0-1: Foul Ball, location: 2F
0-2: Strikes out swinging
Batting: SHB Craig Wright 0-0: Called Strike
0-1: Fly out, F7 (Flyball, 78M, EV 87.5 MPH)
Batting: RHB Dusty Bates 0-0: Ball
1-0: Ball
2-0: Ground out 4-3 (Groundball, 4, EV 86.2 MPH)
Top of the 6th over - 0 runs, 0 hits, 0 errors, 0 left on base; Wisconsin 3 - Binghamton 5
BOTTOM OF THE 6TH
Binghamton Mets batting - Pitching for Wisconsin Timber Rattlers : RHP Warren Swan
Batting: LHB Tony Leyba 0-0: Fly out, F8 (Flyball, 78S, EV 86.2 MPH)
Batting: RHB Rich Cracchiolo 0-0: Ball
1-0: Called Strike
1-1: Ball
2-1: Ball
3-1: Foul Ball, location: 2F
3-2: Base on Balls
Batting: RHB Jordan Williams 0-0: Called Strike
Rich Cracchiolo steals 2nd base
0-1: 2-RUN HOME RUN (Flyball, 78XD, EV 108.1 MPH), Distance : 408 ft
Batting: RHB Victor Reyes 0-0: Ball
1-0: Reached on error, E3 (Groundball, 3, EV 100.0 MPH)
Batting: RHB Trent Hood 0-0: Called Strike
0-1: Foul Ball, location: 2F
0-2: Ball
1-2: Strikes out swinging
Batting: LHB Preston Knaak 0-0: Called Strike
0-1: Ball
1-1: Ball
2-1: Foul Ball, location: 2F
2-2: Strikes out swinging
Bottom of the 6th over - 2 runs, 1 hit, 1 error, 1 left on base; Wisconsin 3 - Binghamton 7
TOP OF THE 7TH
Wisconsin Timber Rattlers batting - Pitching for Binghamton Mets : LHP Bubba Fields
Pitching: RHP Rodriguo Persoa
Batting: RHB Dan Allred 0-0: Called Strike
0-1: Ball
1-1: Ball
2-1: Foul Ball, location: 2F
2-2: Ball
3-2: Strikes out swinging
Batting: LHB Paul Collins 0-0: Called Strike
0-1: Ball
1-1: Swinging Strike
1-2: Strikes out swinging
Batting: LHB Rick Campbell 0-0: Called Strike
0-1: Ball
1-1: Foul Ball, location: 2F
1-2: Foul Ball, location: 2F
1-2: Fly out, F9 (Flyball, 89S, EV 87.5 MPH)
Top of the 7th over - 0 runs, 0 hits, 0 errors, 0 left on base; Wisconsin 3 - Binghamton 7
BOTTOM OF THE 7TH
Binghamton Mets batting - Pitching for Wisconsin Timber Rattlers : RHP Warren Swan
Pitching: RHP Jose Montoya
Batting: RHB Elias Urbina 0-0: Ball
1-0: Ball
2-0: Called Strike
2-1: Ball
3-1: Called Strike
3-2: Base on Balls
Batting: SHB Masatoshi Akahoshi 0-0: Ball
Elias Urbina steals 2nd base
1-0: Called Strike
1-1: Ball
2-1: Called Strike
2-2: Foul Ball, location: 2F
2-2: Hit by Pitch
Batting: LHB Bayesa Mundhir 0-0: Swinging Strike
0-1: Ball
1-1: Foul Ball, location: 2F
1-2: Ball
2-2: Foul Ball, location: 2F
2-2: Foul Ball, location: 2F
2-2: Fly out, F8 (Flyball, 78S, EV 83.1 MPH)
Batting: LHB Tony Leyba 0-0: Swinging Strike
0-1: Called Strike
Elias Urbina steals 3rd base
Masatoshi Akahoshi to second
0-2: Strikes out swinging
Batting: RHB Rich Cracchiolo 0-0: Ball
1-0: Called Strike
1-1: SINGLE (Groundball, 56D, EV 101.2 MPH) (infield hit)
Elias Urbina scores
Masatoshi Akahoshi to third
Batting: RHB Jordan Williams 0-0: Ball
1-0: Called Strike
1-1: SINGLE (Flyball, 8LS, EV 91.9 MPH)
Masatoshi Akahoshi scores
Rich Cracchiolo to second
Runner from 2nd tries for 3rd, SAFE, throw by CF made to third
Batting: RHB Victor Reyes 0-0: Ball
1-0: Ball
Passed Ball!
Rich Cracchiolo scores
Jordan Williams to second
2-0: Ball
3-0: Foul Ball, location: 2F
3-1: Base on Balls
Batting: RHB Trent Hood 0-0: Ball
1-0: Called Strike
1-1: Ball
2-1: Ball
3-1: Base on Balls
Jordan Williams to third
Victor Reyes to second
Pitching: RHP Jon Warren
Batting: LHB Preston Knaak 0-0: SINGLE (Groundball, 4MD, EV 101.9 MPH)
Jordan Williams scores
Victor Reyes to third
Trent Hood to second
Runner from 3rd tries for Home, throw by CF and OUT! 8-2
Bottom of the 7th over - 4 runs, 3 hits, 0 errors, 2 left on base; Wisconsin 3 - Binghamton 11
TOP OF THE 8TH
Wisconsin Timber Rattlers batting - Pitching for Binghamton Mets : RHP Rodriguo Persoa
Batting: LHB Karel Hort 0-0: Called Strike
0-1: Ball
1-1: Ball
2-1: SINGLE (Groundball, 34D, EV 110.0 MPH)
Batting: SHB Jerry Duffy 0-0: Swinging Strike
0-1: Foul Ball, location: 2F
0-2: Foul Ball, location: 2F
0-2: Ball
1-2: Strikes out swinging
Batting: SHB Justin Hensley 0-0: Swinging Strike
0-1: Swinging Strike
0-2: Grounds into double play, 4-6-3 (Groundball, 4, EV 96.9 MPH)
Top of the 8th over - 0 runs, 1 hit, 0 errors, 0 left on base; Wisconsin 3 - Binghamton 11
BOTTOM OF THE 8TH
Binghamton Mets batting - Pitching for Wisconsin Timber Rattlers : RHP Jon Warren
Batting: RHB Elias Urbina 0-0: Called Strike
0-1: Called Strike
0-2: Ball
1-2: Strikes out swinging
Batting: SHB Masatoshi Akahoshi 0-0: Fly out, F6 (Popup, 6S, EV 72.5 MPH)
Batting: LHB Bayesa Mundhir 0-0: DOUBLE (Line Drive, 89M, EV 108.8 MPH)
Batting: LHB Tony Leyba 0-0: Foul Ball, location: 2F
0-1: Ball
1-1: Swinging Strike
1-2: Fly out, F8 (Flyball, 78M, EV 88.1 MPH)
Bottom of the 8th over - 0 runs, 1 hit, 0 errors, 1 left on base; Wisconsin 3 - Binghamton 11
TOP OF THE 9TH
Wisconsin Timber Rattlers batting - Pitching for Binghamton Mets : RHP Rodriguo Persoa
Batting: SHB Ramon Perez 0-0: Ball
1-0: Ball
2-0: Ball
3-0: Called Strike
3-1: Base on Balls
Pitching: RHP Jose Lara
Batting: SHB Craig Wright 0-0: Fielders Choice at 2nd, 6-4 (Groundball, 6, EV 85.6 MPH)
Batting: RHB Dusty Bates 0-0: Swinging Strike
0-1: Foul Ball, location: 2F
0-2: Ball
1-2: Foul Ball, location: 2F
1-2: Ball
2-2: Ball
3-2: Grounds into double play, 4-6-3 (Groundball, 4, EV 100.6 MPH)
Top of the 9th over - 0 runs, 0 hits, 0 errors, 0 left on base; Wisconsin 3 - Binghamton 11
Thursday, December 15th , 2022 - OOTP Baseball 23.9 Build 102